 Dungeon Crawl Stone Soup version 0.27.0-1-g7a089689b8 (webtiles) character file.

Game seed: 9369779528823034419

5 Brandom the Caller (level 1, -3/16 HPs)
             Began as a Naga Summoner on Aug 9, 2021.
             Slain by a quokka (4 damage)
             ... on level 1 of the Dungeon.
             The game lasted 00:01:05 (405 turns).

Brandom the Caller (Naga Summoner)                   Turns: 405, Time: 00:01:05

Health: -3/16      AC:  1    Str: 10    XL:     1   Next: 80%
Magic:  2/3        EV: 10    Int: 15    God:
Gold:   12         SH:  0    Dex: 11    Spells: 3/4 levels left

rFire    . . .     SeeInvis +   c - +0 short sword
rCold    . . .     Faith    .   (no shield)
rNeg     . . .     Spirit   .   a - +0 robe
rPois    +         Reflect  .   (no helmet)
rElec    .         Harm     .   (no cloak)
rCorr    .         Rampage  .   (no gloves)
Will     .....                  (no barding)
Stlth    ++........             (no amulet)
HPRegen  0.05/turn              (no ring)
MPRegen  0.08/turn              (no ring)

@: very slow
A: AC +0, large, see invisible, deformed body, poison resistance, slowness 2,
spit poison 1, naga tail 1
a: Spit Poison


You were on level 1 of the Dungeon.
You visited 1 branch of the dungeon, and saw 1 of its levels.

You collected 12 gold pieces.

Inventory:

Hand Weapons
 c - a +0 short sword (weapon)
   (You took it off a kobold on level 1 of the Dungeon)
Armour
 a - a +0 robe (worn)
Potions
 b - a potion of haste {unknown}


   Skills:
 + Level 0.5 Fighting
 + Level 1.7 Dodging
 - Level 3.0 Stealth
 - Level 2.0 Spellcasting
 + Level 4.1 Summonings


You had 3 spell levels left.
You knew the following spells:

 Your Spells              Type           Power      Damage    Failure   Level
a - Summon Small Mammal   Summ           52%        N/A       4%          1

Your spell library contained the following spells:

 Spells                   Type           Power      Damage    Failure   Level
 Call Imp                 Summ           13%        N/A       6%          2
 Call Canine Familiar     Summ           13%        N/A       12%         3
 Summon Guardian Golem    Hex/Summ       7%         N/A       28%         3
 Summon Lightning Spire   Summ/Air       7%         N/A       67%         4


Dungeon Overview and Level Annotations

Branches:
Dungeon (1/15)

Altars:


Innate Abilities, Weirdness & Mutations

Your serpentine skin is tough. (AC +0)
You have supernaturally acute eyesight. (SInv)
Armour fits poorly on your strangely shaped body.
Your system is resistant to poisons. (rPois)
You cover ground very slowly.
You can spit poison.
You have a snake-like lower body.


Message History

The bat hits you but does no damage. x2; Your quokka barely misses the bat.
Your rat barely misses the bat.
The frilled lizard barely misses your rat.
The goblin completely misses your quokka.
The goblin hits your quokka with a +0 club.
Your quokka bites the bat.
The bat dies!
Your quokka misses the goblin.
Unknown command.
Unknown command.
You swing at nothing.
The frilled lizard bites your rat.
The goblin hits your quokka with a +0 club.
Your rat bites the frilled lizard.
Your quokka bites the goblin.
Your quokka closely misses the frilled lizard.
The quokka bites your quokka.
Your quokka dies!
Your quokka's corpse disappears in a puff of smoke!
The frilled lizard barely misses your rat.
The goblin hits your quokka with a +0 club.
Your quokka dies!
Your quokka's corpse disappears in a puff of smoke!
The goblin closely misses you.
Your rat barely misses the frilled lizard.
The frilled lizard bites your rat.
Your rat dies!
Your rat's corpse disappears in a puff of smoke!
Unknown command.
The goblin hits you with a +0 club.
* * * LOW HITPOINT WARNING * * *
The quokka bites you.
* * * LOW HITPOINT WARNING * * *
You see here a quokka corpse.
The quokka bites you but does no damage.
The frilled lizard barely misses you.
Unknown command.
The quokka barely misses you.
Unknown command.
The goblin hits you but does no damage. The goblin barely misses you.
There is a stone staircase leading down here.
Unknown command.
The quokka bites you.
* * * LOW HITPOINT WARNING * * *
The goblin closely misses you. The quokka misses you.
Unknown command.
The quokka closely misses you.
The quokka bites you but does no damage.
The quokka barely misses you. The quokka bites you.
You die...

#.........##.#.#.#
####......#####.#...#
#.........# #.##..#
####......#### #.##..#
..........########.##)÷#
......†..lgg..l.##.##..#
#.#.......#####.##.##..#
..†††###### #r##.....#
..##.# #.@..###.# .# ..#
####.# #.# # ...# ####.#
#.# ..... #....# #.#
##.... #.#### #.# .#...
#.# #.# ...#..# #.#####
#.....# ########.#


You could see a quokka and a frilled lizard.

Vanquished Creatures
  A quokka (D:1)
  A goblin (D:1)
2 creatures vanquished.

Vanquished Creatures (collateral kills)
  A goblin (D:1)
  A ball python (D:1)
  A bat (D:1)
  A frilled lizard (D:1)
  A kobold (D:1)
5 creatures vanquished.

Grand Total: 7 creatures vanquished

Notes
Turn   | Place    | Note
-------+----------+-------------------------------------------
     0 | D:1      | Brandom the Naga Summoner began the quest for the Orb.
     0 | D:1      | Reached XP level 1. HP: 15/15 MP: 3/3
   405 | D:1      | Slain by a quokka

Illustrated notes

Levels and vault maps discovered:
D:1:      amcnicky_arrival_feature_with_door, layout_basic,
          minmay_misc_feat_chi, minivault_14, amcnicky_mini_corridor_feature

Action                   || total
-------------------------++-------
Melee: Unarmed           ||     8
       Short sword       ||     5
 Cast: Summon Small Mamm ||     6
Armor: Robe              ||    10
Dodge: Dodged            ||    16
